 Dungeon Crawl Stone Soup version 0.23.2-1-ga50397a (webtiles) character file.

Game seed: 6192218750902499022

53337 Borgoz the Slicer (level 15, -5/106 HPs)
             Began as a Halfling Berserker on May 25, 2019.
             Was the Champion of Trog.
             Slain by a catoblepas (6 damage)
             ... while petrified by you
             ... on level 1 of the Lair of Beasts.
             The game lasted 00:48:00 (19785 turns).

Borgoz the Slicer (Halfling Berserker)             Turns: 19785, Time: 00:48:00

Health: -5/106     AC: 20    Str: 23    XL:     15   Next: 9%
Magic:  18/18      EV:  3    Int:  5    God:    Trog [******]
Gold:   684        SH:  0    Dex: 16    Spells: 14/14 levels left

rFire    + . .     SeeInvis .   a - +3 short sword (elec)
rCold    + . .     Gourm    .   K - +1 shield {rC+ rF+}
rNeg     + + +     Faith    .   C - +1 ring mail {rPois}
rPois    ∞         Spirit   .   g - +1 helmet
rElec    .         Reflect  .   D - +2 cloak
rCorr    .         Harm     .   f - +1 pair of gloves (curse)
MR       +....                  t - +1 pair of boots
Stlth    ++++......             O - amulet of regeneration
HPRegen  0.67/turn              (no ring)
MPRegen  0.16/turn              (no ring)

@: petrified
A: small, mutation resistance 1
a: Berserk, Trog's Hand, Brothers in Arms, Renounce Religion


You were on level 1 of the Lair of Beasts.
You worshipped Trog.
Trog was exalted by your worship.
You were not hungry.

You visited 3 branches of the dungeon, and saw 18 of its levels.
You also visited: Sewer and Ossuary.

You collected 919 gold pieces.
You spent 235 gold pieces at shops.

Inventory:

Hand Weapons
 a - a +3 short sword of electrocution (weapon)
 b - a +3 scimitar of flaming
 E - a +0 rapier of protection
Missiles
 B - 2 throwing nets (quivered)
Armour
 f - a cursed +1 pair of gloves (worn)
 g - a +1 helmet (worn)
 t - a +1 pair of boots (worn)
 C - a +1 ring mail of poison resistance (worn)
 D - a +2 cloak (worn)
 K - a +1 shield of resistance (worn)
 Q - a +2 leather armour of cold resistance
Jewellery
 O - an amulet of regeneration (around neck)
Wands
 l - a wand of disintegration (17)
 A - a wand of acid (6)
 P - a wand of clouds (5)
Scrolls
 e - 8 scrolls of teleportation
 h - 4 scrolls of fear
 s - 4 scrolls of magic mapping
 w - 3 scrolls of remove curse
 x - a scroll of fog
 H - a scroll of blinking
 L - 3 scrolls of enchant armour
 M - 3 scrolls of identify
Potions
 i - 3 potions of cancellation
 j - 8 potions of curing
 n - 2 potions of resistance
 o - 4 potions of might
 p - 3 potions of haste
 q - a potion of berserk rage
 R - 2 potions of heal wounds
Comestibles
 c - 38 rations


   Skills:
 * Level 11.0 Fighting
 * Level 13.8 Short Blades
 * Level 12.6 Armour
 * Level 12.7 Dodging
 + Level 9.9 Stealth
 + Level 4.7 Shields
 - Level 5.0 Evocations


You had 14 spell levels left.
You didn't know any spells.
Your spell library was empty.

Dungeon Overview and Level Annotations

Branches:
Dungeon (15/15)            Temple (1/1) D:7            Lair (2/6) D:9
    Orc (0/2) D:10         Vaults (0/5) D:13         Depths (0/5) D:15
  Swamp: Lair:2-4    Shoals: Lair:2-4     Snake: Lair:2-4    Spider: Lair:2-4

Altars:
Ashenzari
Cheibriados
Dithmenos
Elyvilon
Fedhas
Gozag
Hepliaklqana
Kikubaaqudgha
Makhleb
Nemelex Xobeh
Okawaru
Qazlal
Ru
Sif Muna
Trog
Uskayaw
Vehumet
Wu Jian
Xom
Yredelemnul
Zin
The Shining One

Shops:
D:4 [!   D:5 *   D:10 [


Innate Abilities, Weirdness & Mutations

You are small and have problems with some larger weapons.
You are somewhat resistant to further mutation.


Message History

You are engulfed in calcifying dust.
You are slowing down.
The wolf barely misses you. The hell rat bites you!
* * * LOW HITPOINT WARNING * * *
The wolf closely misses you. The catoblepas gores you!
* * * LOW HITPOINT WARNING * * *
You climb upwards.
You have turned to stone.
The wolf bites you.
* * * LOW HITPOINT WARNING * * *
The hell rat bites you but does no damage.
The catoblepas gores you!!
* * * LOW HITPOINT WARNING * * *
The wolf barely misses you. The hell rat barely misses you.
The wolf bites you but does no damage. The catoblepas gores you!
* * * LOW HITPOINT WARNING * * *
The wolf bites you.
* * * LOW HITPOINT WARNING * * *
The hell rat bites you but does no damage.
The wolf bites you but does no damage. The catoblepas gores you!
You die...

.# #....#.#P...#........ .#
#####....####..###...##'#
.########P##......#.####.........
.................................
.........................#.###...
.........................### #...
...............##.#......# #...
#..#............r..##....# #...
####...........Y@....###.# ###.
#......#.###..h......#######..
#.....#####.###......###.##...
#.....P# ### ####............
#.....## #.##....8....# ##
#.....## ##### #..##........#
P###....^.####.#P###...#.8...8.#.
...............................##
.....................##....8....#


You could see a catoblepas, a wolf and a hell rat.

Vanquished Creatures
  Rupert (D:13)
  Frances (D:13)
  A very ugly thing (D:9)
  A dire elephant (D:15)
  A yaktaur captain (D:13)
  Josephine (D:11)
  6 hydras
  Harold (D:7)
  A centaur warrior (D:13)
  6 two-headed ogres
  A tengu warrior (D:14)
  Urug (D:13)
  The ghost of daning the Thaumaturge, a novice DECj of Sif Muna (D:9)
  A wizard (D:14)
  An unseen horror (D:13)
  2 orc knights
  18 ugly things
  4 cyclopes
  3 manticores
  A salamander (D:15)
  A black mamba (Lair:1)
  The ghost of Borgoz the Skirmisher, a novice MiMo (D:5)
  3 gargoyles
  A yaktaur (shapeshifter) (D:9)
  2 yaktaurs (D:13)
  3 kobold demonologists
  3 efreet
  4 komodo dragons
  A redback zombie (D:15)
  A tengu conjurer (D:14)
  A hornet (D:8)
  Prince Ribbit (D:8)
  4 blink frogs (Lair:1)
  4 hippogriffs
  3 vampires
  7 wraiths
  18 yaks
  A wyvern (D:8)
  A shadow (D:15)
  2 basilisks
  3 vampire mosquitoes (D:12)
  A hungry ghost (D:15)
  2 steam dragons
  2 neqoxecs (D:9)
  A soldier ant (D:15)
  4 water moccasins
  3 porcupines (Lair:1)
  3 ice beasts
  8 orc warriors
  A black bear (D:12)
  3 phantoms
  6 sky beasts
  3 ogres
  8 boggarts (D:14)
  6 centaurs
  3 wolves (Lair:2)
  A crocodile (Lair:1)
  A big kobold (D:14)
  Blork the orc (D:4)
  A gnoll sergeant (D:12)
  13 bullfrogs
  8 scorpions
  24 killer bees
  8 wights
  An electric eel (Lair:1)
  3 howler monkeys (D:7)
  3 bullfrog zombies
  7 crimson imps
  2 quasits
  5 jellies
  A centaur zombie (D:7)
  2 hounds
  A hound (shapeshifter) (D:9)
  8 orc priests
  5 centaur skeletons
  3 human zombies (Ossuary)
  15 orc wizards
  Crazy Yiuf (D:7)
  11 iguanas
  5 worker ants
  An ogre zombie (D:6)
  2 big kobold zombies (Ossuary)
  4 mummies (Ossuary)
  Robin (D:4)
  8 gnolls
  A howler monkey skeleton (D:4)
  14 adders
  A gnoll zombie (D:6)
  5 river rats
  A river rat (shapeshifter) (D:9)
  2 oozes
  An adder zombie (Ossuary)
  3 dart slugs
  7 worms
  2 leopard geckos
  54 orcs
  3 giant cockroaches
  16 goblins
  8 hobgoblins
  8 jackals
  16 kobolds
  3 quokkas
  9 ball pythons (Sewer)
  4 bats
  10 frilled lizards
  2 jackal zombies (Ossuary)
  3 kobold zombies (Ossuary)
  2 orc zombies
  3 quokka skeletons
  31 rats
  A withered plant (D:5)
528 creatures vanquished.

Vanquished Creatures (others)
  A fire bat (shapeshifter) (D:9)
  A porcupine (Lair:1)
  A boggart (D:14)
  An iguana (shapeshifter) (D:9)
  A fungus (D:9)
  A withered plant (D:5)
6 creatures vanquished.

Grand Total: 534 creatures vanquished

Notes
Turn   | Place    | Note
-------+----------+-------------------------------------------
     0 | D:1      | Borgoz the Halfling Berserker began the quest for the Orb.
     0 | D:1      | Reached XP level 1. HP: 15/15 MP: 1/1
    87 | D:1      | Reached XP level 2. HP: 15/20 MP: 2/2
   353 | D:1      | Reached skill level 4 in Short Blades
   423 | D:1      | Reached XP level 3. HP: 23/25 MP: 3/3
   920 | D:2      | Found a hide-covered altar of Uskayaw.
  1078 | D:2      | Reached ** piety under Trog
  1505 | D:2      | Reached XP level 4. HP: 24/31 MP: 4/4
  2600 | D:3      | Reached XP level 5. HP: 34/36 MP: 5/5
  2831 | D:3      | Found a glowing golden altar of the Shining One.
  2855 | D:3      | Found a white marble altar of Elyvilon.
  3093 | D:3      | Found a sparkling altar of Nemelex Xobeh.
  3615 | D:3      | Reached *** piety under Trog
  3622 | D:3      | Reached XP level 6. HP: 41/43 MP: 6/6
  3637 | D:4      | Reached skill level 5 in Short Blades
  3720 | D:4      | Noticed Blork the orc
  3748 | D:4      | Noticed Robin
  3764 | D:4      | Found Xoeblumid's Antique Armour Boutique.
  3778 | D:4      | Found an opulent altar of Gozag.
  3783 | D:4      | Killed Blork the orc
  3783 | D:4      | Reached XP level 7. HP: 48/48 MP: 7/7
  3833 | D:4      | Killed Robin
  3915 | D:4      | Found Piraplun's Distillery.
  3919 | D:4      | Bought a potion of berserk rage for 70 gold pieces
  3919 | D:4      | Bought a potion of heal wounds for 70 gold pieces
  4172 | D:4      | Reached skill level 6 in Short Blades
  4327 | D:4      | Found a radiant altar of Vehumet.
  4651 | D:5      | Entered Level 5 of the Dungeon
  4652 | D:5      | Found a sand-covered staircase.
  4659 | D:5      | Reached XP level 8. HP: 53/54 MP: 8/8
  4662 | D:5      | Reached skill level 5 in Dodging
  4674 | D:5      | Reached **** piety under Trog
  4697 | Ossuary  | Entered an ossuary
  4712 | Ossuary  | Reached skill level 5 in Armour
  4902 | D:5      | Found a white marble altar of Elyvilon.
  4969 | D:5      | Reached skill level 5 in Fighting
  4991 | D:5      | Found a glowing drain.
  4998 | Sewer    | Entered a sewer
  5085 | Sewer    | Reached ***** piety under Trog
  5313 | Sewer    | Received a gift from Trog
  5317 | Sewer    | Reached skill level 7 in Short Blades
  5756 | D:5      | Found a runed translucent door.
  5761 | D:5      | Noticed Borgoz's ghost (novice MiMo)
  5772 | D:5      | Reached XP level 9. HP: 61/61 MP: 9/9
  5800 | D:5      | Found a blossoming altar of Fedhas.
  6105 | D:5      | Found a glowing silver altar of Zin.
  6149 | D:5      | Found Serexeu's Assorted Antiques.
  6154 | D:5      | Bought a viscous pink potion for 23 gold pieces
  6154 | D:5      | Bought a white potion for 23 gold pieces
  6154 | D:5      | Bought a bubbling puce potion for 23 gold pieces
  6154 | D:5      | Bought a scroll labeled WINNOISEBEWN for 26 gold pieces
  6352 | D:6      | Found a transporter.
  6521 | D:6      | Found an iron altar of Okawaru.
  6605 | D:6      | Found a transporter.
  7157 | D:7      | Noticed Harold
  7159 | D:7      | Reached skill level 8 in Short Blades
  7190 | D:7      | Killed Harold
  7190 | D:7      | Reached XP level 10. HP: 46/69 MP: 10/10
  7322 | D:5      | Killed Borgoz's ghost
  7383 | D:7      | Reached skill level 9 in Short Blades
  7498 | D:7      | Found a staircase to the Ecumenical Temple.
  7519 | Temple   | Entered the Ecumenical Temple
  7638 | D:7      | Reached skill level 1 in Stealth
  7671 | D:7      | Reached skill level 1 in Evocations
  7787 | D:7      | Found a burning altar of Makhleb.
  7815 | D:7      | Found a runed translucent door.
  7816 | D:7      | Noticed Crazy Yiuf
  8073 | D:7      | Killed Crazy Yiuf
  8504 | D:8      | Got an ichor-stained robe
  8530 | D:8      | Found a hazy altar of Hepliaklqana.
  8597 | D:8      | Noticed Prince Ribbit
  9291 | D:8      | Killed Prince Ribbit
  9812 | D:8      | Reached XP level 11. HP: 75/75 MP: 13/13
 10097 | D:9      | Found a staircase to the Lair.
 10108 | D:9      | Noticed a two-headed ogre
 10119 | D:9      | Killed a two-headed ogre
 10149 | D:9      | Found a runed translucent gate.
 10149 | D:9      | Found a runed translucent gate.
 10149 | D:9      | Noticed a cyan ugly thing
 10149 | D:9      | Noticed a purple ugly thing
 10149 | D:9      | Noticed a purple ugly thing
 10151 | D:9      | Noticed a red ugly thing
 10152 | D:9      | Found a runed translucent gate.
 10152 | D:9      | Noticed a purple very ugly thing
 10152 | D:9      | Noticed a red ugly thing
 10331 | D:9      | Reached ****** piety under Trog
 10494 | D:9      | Identified the +1 robe "Goikkyuts" {rN+ Str+3 SInv} (You
                  | found it on level 8 of the Dungeon)
 10559 | D:9      | Reached skill level 10 in Short Blades
 10758 | D:10     | Entered Level 10 of the Dungeon
 10933 | D:10     | Found Unoul's Armour Shoppe.
 10933 | D:10     | Found a staircase to the Orcish Mines.
 10933 | D:10     | Noticed an orc knight
 10934 | D:10     | Noticed an orc knight
 10980 | D:9      | Killed an orc knight
 12039 | D:10     | Killed an orc knight
 12197 | D:11     | Noticed a cyclops
 12209 | D:11     | Killed a cyclops
 12307 | D:11     | Noticed a green ugly thing
 12317 | D:11     | Killed a green ugly thing
 12317 | D:11     | Reached skill level 5 in Stealth
 12493 | D:11     | Noticed a sixfirhy
 12887 | D:11     | Noticed a six-headed hydra
 12903 | D:11     | Killed a six-headed hydra
 12903 | D:11     | Reached XP level 12. HP: 43/83 MP: 15/15
 13092 | D:11     | Got a steaming hand axe
 13093 | D:11     | Identified the +10 hand axe "Killer Klown's Curse" {venom,
                  | rPois Int+2} (You found it on level 11 of the Dungeon)
 13230 | D:12     | Reached skill level 5 in Evocations
 13517 | D:12     | Noticed Josephine
 13654 | D:11     | Killed Josephine
 13654 | D:11     | Reached skill level 11 in Short Blades
 13654 | D:11     | Reached skill level 10 in Armour
 13654 | D:11     | Reached skill level 10 in Dodging
 14383 | D:12     | Noticed a seven-headed hydra
 14390 | D:12     | Killed a seven-headed hydra
 14713 | D:12     | Received a gift from Trog
 14778 | D:13     | Noticed a yaktaur captain
 14779 | D:13     | Found a gate to the Vaults.
 14876 | D:14     | Noticed a two-headed ogre
 14887 | D:14     | Killed a two-headed ogre
 14911 | D:14     | Noticed a wizard
 14918 | D:14     | Paralysed by a wizard for 4 turns
 14934 | D:14     | Killed a wizard
 15053 | D:14     | Reached XP level 13. HP: 70/90 MP: 16/16
 15662 | D:14     | Reached skill level 12 in Short Blades
 16080 | D:14     | Reached skill level 1 in Shields
 16206 | D:13     | Noticed Rupert
 16210 | D:13     | Killed Rupert
 16380 | D:13     | Noticed Frances
 16405 | D:13     | Killed Frances
 16405 | D:13     | Reached skill level 10 in Fighting
 16413 | D:13     | Killed a yaktaur captain
 16571 | D:13     | Noticed a centaur warrior
 16586 | D:13     | Noticed Urug
 16590 | D:13     | Killed a centaur warrior
 16590 | D:13     | Reached XP level 14. HP: 96/99 MP: 17/17
 16636 | D:13     | Killed Urug
 16638 | D:13     | Received a gift from Trog
 17071 | D:9      | Killed a brown very ugly thing
 17128 | D:9      | Reached skill level 13 in Short Blades
 17146 | D:9      | Found a runed translucent gate.
 17146 | D:9      | Found a runed translucent gate.
 17149 | D:9      | Noticed daning's ghost (novice DECj)
 17157 | D:9      | Found a runed translucent gate.
 17224 | D:9      | Killed daning's ghost
 17462 | D:15     | Entered Level 15 of the Dungeon
 18126 | D:15     | Noticed a dire elephant
 18185 | D:15     | Killed a dire elephant
 18423 | D:15     | Found a staircase to the Depths.
 18794 | Lair:1   | Entered Level 1 of the Lair of Beasts
 19190 | Lair:1   | Reached XP level 15. HP: 64/106 MP: 18/18
 19784 | Lair:1   | HP: 2/106 [catoblepas (6)]
 19785 | Lair:1   | Slain by a catoblepas

Skill      XL: |  1  2  3  4  5  6  7  8  9 10 11 12 13 14 |
---------------+-------------------------------------------+-----
Short Blades   | 4 5 6 7 8 9 10 11 12 13 | 13.8
Fighting       | 3 4 5 6 7 8 9 10 11 | 11.0
Dodging        | 3 4 6 7 8 9 10 11 12 | 12.7
Armour         | 3 4 6 7 8 9 10 11 12 | 12.6
Stealth        | 3 5 7 8 9 |  9.9
Evocations     | 2 4 5 |  5.0
Shields        | 2 4 |  4.7

Action                   |  1- 3 |  4- 6 |  7- 9 | 10-12 | 13-15 || total
-------------------------+-------+-------+-------+-------+-------++-------
Melee: Short sword       |   123 |   190 |   532 |   783 |   888 ||  2516
Throw: Throwing net      |       |       |       |     5 |       ||     5
Invok: Berserk           |       |     1 |     1 |     6 |    10 ||    18
       Trog's Hand       |       |     1 |     1 |     1 |     5 ||     8
Evoke: Wand              |       |       |       |     4 |       ||     4
  Use: Scroll            |       |     7 |    12 |    12 |    10 ||    41
       Potion            |       |       |     4 |     8 |    11 ||    23
 Stab: Sleeping          |     2 |       |       |     7 |    15 ||    24
       Held in net/web   |       |       |       |     5 |       ||     5
       Invisible         |       |       |       |     4 |     2 ||     6
       Distracted        |       |       |       |     1 |     2 ||     3
  Eat: Chunk             |     2 |     7 |    12 |    30 |    19 ||    70
       Ration            |       |       |     1 |       |     3 ||     4
Armor: Animal skin       |    15 |       |       |       |       ||    15
       Ring mail         |     3 |    26 |    31 |   149 |   178 ||   387
       Scale mail        |       |    28 |   158 |       |       ||   186
       Skin              |       |       |       |       |    40 ||    40
Dodge: Dodged            |    91 |   127 |   464 |   565 |   398 ||  1645
Block: Other             |       |       |       |    46 |       ||    46
       Shield            |       |       |       |       |   222 ||   222
